 Dungeon Crawl Stone Soup version 0.24.0-41-g2ae2f7f1be (webtiles) character file.

Game seed: 16797294037042882272, levelgen mode: deterministic

126 Kobolds4U the Conjurer (level 4, 0/24 HPs)
             Began as a Deep Elf Conjurer on Dec 15, 2019.
             Was a Follower of Dithmenos.
             Succumbed to a scorpion's poison
             ... on level 4 of the Dungeon.
             The game lasted 00:06:40 (3271 turns).

Kobolds4U the Conjurer (Deep Elf Conjurer)          Turns: 3271, Time: 00:06:41

Health: 0/24       AC:  2    Str: 11    XL:     4   Next: 84%
Magic:  5/10       EV: 13    Int: 20    God:    Dithmenos [*.....]
Gold:   66         SH:  0    Dex: 15    Spells: 3/9 levels left

rFire    . . .     SeeInvis .   f - +2 dagger (freeze)
rCold    . . .     Gourm    .   (no shield)
rNeg     . . .     Faith    .   a - +0 robe
rPois    .         Spirit   .   (no helmet)
rElec    .         Reflect  .   (no cloak)
rCorr    .         Harm     .   (no gloves)
MR       .....                  (no boots)
Stlth    ++........             (no amulet)
HPRegen  0.08/turn              (no ring)
MPRegen  0.12/turn              (no ring)

@: mighty, lethally poisoned (0 -> -13), wreathed by umbra
A: no striking features
a: Renounce Religion


You were on level 4 of the Dungeon.
You worshipped Dithmenos.
Dithmenos was aware of your devotion.
You were not hungry.

You visited 1 branch of the dungeon, and saw 4 of its levels.

You collected 66 gold pieces.

Inventory:

Hand Weapons
 d - a +0 short sword
 f - a +2 dagger of freezing (weapon)
 i - a +0 rapier
Armour
 a - a +0 robe (worn)
Jewellery
 m - an uncursed ring of protection from cold {unknown}
Scrolls
 b - 4 scrolls of identify {unknown}
 e - 2 scrolls of fog {unknown}
 g - 4 scrolls of amnesia {unknown}
 j - a scroll of teleportation {unknown}
 l - a scroll of fear {unknown}
 o - a scroll of remove curse {unknown}
Potions
 k - a potion of heal wounds {unknown}
Comestibles
 c - 7 rations


   Skills:
 - Level 2.4 Dodging
 - Level 2.4 Stealth
 - Level 3.0 Spellcasting
 + Level 6.8 Conjurations


You had 3 spell levels left.
You knew the following spells:

 Your Spells              Type           Power        Failure   Level  Hunger
a - Magic Dart            Conj           ####         1%          1    None
b - Searing Ray           Conj           ####..       1%          2    ##.....
c - Dazzling Spray        Conj/Hex       ###...       11%         3    ###....

Your spell library contained the following spells:

 Spells                   Type           Power        Failure   Level  Hunger
 Iskenderun's Mystic Bla  Conj           ####....     9%          4    ####...
 Force Lance              Conj/Tloc      ###.....     34%         4    ####...
 Fulminant Prism          Conj/Hex       ###.......   34%         4    ####...


Dungeon Overview and Level Annotations

Branches:
Dungeon (4/15)
 Temple: D:4-7

Altars:
Dithmenos
Fedhas
Ru
Trog


Message History

(Press . to maintain the ray.)
The hound barely misses you. The hound closely misses you.
The searing ray hits the hound!
You kill the hound!
Dithmenos accepts your kill.
The searing ray hits the scorpion.
The scorpion is moderately wounded.
The scorpion stings you!
* * * LOW HITPOINT WARNING * * *
You are lethally poisoned!
The scorpion poisons you!
The searing ray hits the scorpion.
The scorpion is heavily wounded.
You finish channeling your searing ray.
* * * LOW HITPOINT WARNING * * *
You feel sick. The scorpion stings you.
* * * LOW HITPOINT WARNING * * *
It was a potion of might.
You feel very mighty all of a sudden.
You die...

..## ...#########
...........# ...#######.#
..## #.# .## #.# ##
#####.###########.. #
#.........#.......#
#.###.###.#@#### .# #.#
#.#s##.. .. # #.# #.#.##.#
s# ## ..# #.#.##.# .# .##
.## #.#.##.##.####.# ..## ..
#.#............# ...#
...####.####.#...####. ...+
....................+
...####...#########.#...####


You could see a scorpion.

Vanquished Creatures
  A hound (D:4)
  A worker ant (D:3)
  An adder (D:3)
  2 worms
  3 leopard geckos
  An orc (D:3)
  3 bats
  10 goblins
  6 hobgoblins
  6 jackals
  2 quokkas
  A ball python (D:1)
  3 frilled lizards
  7 kobolds
  4 rats
51 creatures vanquished.

Notes
Turn   | Place    | Note
-------+----------+-------------------------------------------
     0 | D:1      | Kobolds4U the Deep Elf Conjurer began the quest for the
                  | Orb.
     0 | D:1      | Reached XP level 1. HP: 10/10 MP: 6/6
   270 | D:1      | Reached XP level 2. HP: 15/15 MP: 5/8
   274 | D:1      | Learned a level 2 spell: Searing Ray
   429 | D:1      | Reached skill level 5 in Conjurations
   966 | D:2      | Found a shadowy altar of Dithmenos.
  1273 | D:2      | Became a worshipper of Dithmenos the Shadowed
  1302 | D:2      | Reached XP level 3. HP: 19/19 MP: 4/9
  1349 | D:2      | Learned a level 3 spell: Dazzling Spray
  1445 | D:2      | Found a blossoming altar of Fedhas.
  1445 | D:2      | Found a faded altar of an unknown god.
  1522 | D:2      | Found a faded altar of an unknown god.
  1524 | D:2      | Found a bloodstained altar of Trog.
  1526 | D:2      | Found a sacrificial altar of Ru.
  2334 | D:3      | Reached skill level 6 in Conjurations
  2334 | D:3      | Reached XP level 4. HP: 16/24 MP: 0/10
  2641 | D:3      | HP: 1/24 [orc/+0 mace (7)]
  2646 | D:3      | Reached * piety under Dithmenos
  3270 | D:4      | HP: 1/24 [scorpion (2)]
  3271 | D:4      | Succumbed to a scorpion's poison

Levels and vault maps discovered:
D:1:      nzn_arrival_depleted_hourglass, layout_basic, minmay_misc_feat_rugged,
          st_stairs_13, hex_large
D:2:      layout_basic, chequers_temple_overflow_minitemple, first_ration,
          nicolae_dithmenos_through_a_glass_darkly
D:3:      layout_rooms
D:4:      layout_loops_corners, uniq_sigmund

Skill      XL: |  1  2  3 |
---------------+----------+-----
Conjurations   | 5 6 |  6.8
Dodging        | |  2.4
Stealth        | |  2.4
Spellcasting   | |  3.0

Action                   |  1- 3 |  4- 6 || total
-------------------------+-------+-------++-------
Melee: Short sword       |    20 |       ||    20
       Dagger            |     4 |    11 ||    15
 Cast: Magic Dart        |    61 |    14 ||    75
       Searing Ray       |     3 |     2 ||     5
  Use: Potion            |       |     1 ||     1
 Stab: Sleeping          |     3 |       ||     3
  Eat: Chunk             |     4 |     3 ||     7
Armor: Robe              |     5 |     1 ||     6
Dodge: Dodged            |    43 |    10 ||    53
